Map: Blackburn LE

Players

PtitDrogo

  • Race: Protoss Protoss
  • League: Grandmaster

LiquidClem (Clem) - Winner!

  • Race: Terran Terran
  • League: Grandmaster

Event: DreamHack SC2 Masters 2021 Summer

VOD

Have the link to the VOD?

Description

Time

  • Played on: May 26, 2021, 2:01 p.m.
  • Length: 14:45

All games in this series

Show
View Real Time Build Order
Export as new Build Order

PtitDrogo Protoss 

Build Orders: 1 Gate Expand, Oracle Opening, Phoenix Opening 

Get SALT Encoding   

  12  0:00  Probe  
  13  0:12  Probe  
  14  0:16  Pylon  
  14  0:24  Probe (Chrono Boost)  
  15  0:36  Probe (Chrono Boost), Gateway  
  16  0:44  Probe (Chrono Boost)  
  16  0:47  Assimilator  
  17  0:51  Probe  
  18  1:03  Probe  
  19  1:15  Probe  
  20  1:24  Cybernetics Core  
  20  1:32  Nexus  
  20  1:38  Pylon  
  20  1:41  Probe  
  20  1:46  Assimilator  
  21  1:53  Probe  
  22  1:57  Adept (Chrono Boost)  
  24  2:05  Probe  
  25  2:17  Probe  
  25  2:18  Stargate  
  28  2:29  Probe  
  29  2:33  Shield Battery, Stalker (Chrono Boost)  
  29  2:41  Probe  
  30  2:46  Probe  
  30  2:47  Warp Gate  
  31  2:53  Probe  
  31  2:56  Stalker (Chrono Boost)  
  35  3:05  Probe  
  35  3:13  Probe  
  35  3:18  Oracle (Chrono Boost)  
  35  3:19  Probe  
  40  3:25  Probe  
  41  3:33  Probe  
  41  3:37  Probe  
  42  3:45  Probe  
  43  3:49  Probe  
  43  3:55  Phoenix (Chrono Boost)  
  43  3:57  Probe  
  43  3:59  Pylon  
  46  4:11  Nexus  
  46  4:15  Pylon  
  46  4:17  Probe x2  
  46  4:18  Phoenix (Chrono Boost)  
  50  4:29  Probe x2  
  52  4:35  Phoenix (Chrono Boost)  
  52  4:37  Gateway  
  54  4:39  Gateway  
  54  4:41  Probe x2  
  56  4:46  Assimilator  
  56  4:52  Twilight Council, Forge  
  56  4:53  Probe  
  56  4:55  Probe  
  58  5:02  Phoenix  
  58  5:06  Probe  
  61  5:09  Probe  
  61  5:11  Pylon  
  61  5:13  Charge (Chrono Boost)  
  62  5:17  Pylon  
  62  5:22  Probe x2  
  62  5:27  Phoenix  
  66  5:29  Protoss Ground Armor Level 1 (Chrono Boost)  
  66  5:30  Probe (Chrono Boost)  
  69  5:37  Pylon  
  69  5:39  Probe (Chrono Boost)  
  69  5:40  Probe (Chrono Boost)  
  69  5:42  Probe (Chrono Boost), Zealot  
  72  5:44  Zealot  
  72  5:49  Probe x2 (Chrono Boost)  
  76  5:53  Gateway x2  
  76  5:56  Gateway  
  76  6:04  Sentry  
  76  6:05  Shield Battery, Zealot  
  76  6:07  Shield Battery  
  76  6:08  Zealot  
  82  6:12  Phoenix (Chrono Boost)  
  84  6:23  Probe  
  85  6:26  Zealot  
  85  6:27  Gateway  
  85  6:30  Gateway  
  87  6:33  Phoenix (Chrono Boost), Pylon  
  87  6:39  Zealot x2  
  92  6:40  Templar Archives  
  92  6:46  Zealot x2  
  96  6:47  Zealot  
  96  6:51  Pylon  
  98  7:00  Zealot x3  
  93  7:12  Phoenix (Chrono Boost)  
  85  7:17  Protoss Ground Armor Level 2 (Chrono Boost)  
  85  7:20  Zealot x6  
  79  7:30  Probe x3  
  82  7:39  Robotics Facility  
  82  7:42  Probe, Assimilator  
  83  7:44  Sentry  
  83  7:45  Zealot x5  
  83  7:46  Assimilator  
  83  7:49  Probe  
  83  7:50  Probe  
  97  7:54  Probe  
  98  7:59  Photon Cannon  
  98  8:01  Probe  
  98  8:02  Probe  
  100  8:07  Assimilator  
  100  8:10  Blink  
  100  8:11  Psionic Storm, Zealot x3  
  106  8:17  Pylon  
  106  8:30  Pylon  
  106  8:32  High Templar  
  108  8:34  Nexus  
  108  8:38  Pylon  
  108  8:44  High Templar  
  108  8:48  Photon Cannon  
  110  8:49  Photon Cannon  
  110  8:50  Warp Prism  
  110  8:52  High Templar  
  114  8:57  Pylon  
  114  9:01  High Templar  
  114  9:02  Zealot  
  116  9:11  Zealot x4  
  116  9:12  Pylon  
  124  9:21  Zealot  
  122  9:25  Zealot x2  
  122  9:26  Protoss Ground Weapons Level 1 (Chrono Boost)  
  122  9:30  Immortal  
  128  9:34  High Templar x2  
  128  9:35  Zealot x2  
  132  9:39  Archon  
  132  9:41  Zealot x2  
  126  9:52  Archon  
  110  9:59  Zealot x4  
  112  10:05  Probe  
  112  10:06  Probe  
  96  10:14  Zealot x4  
  96  10:15  Zealot  
  96  10:20  Immortal (Chrono Boost)  
  104  10:25  High Templar x3  
  104  10:27  Probe x2  
  104  10:28  Probe x2  
  114  10:37  High Templar  
  114  10:38  High Templar x2  
  114  10:39  Stalker x2  
  124  10:43  Archon  
  124  10:46  Probe x2, Photon Cannon  
  124  10:48  Probe x2  
  124  10:49  Pylon  
  128  10:50  Shield Battery  
  128  10:52  Immortal (Chrono Boost)  
  128  10:54  Forge  
  132  11:00  High Templar x2  
  136  11:05  Archon  
  134  11:13  Zealot x6  
  106  11:25  Immortal (Chrono Boost)  
  106  11:31  Pylon  
  104  11:34  High Templar x2, Zealot x6  
  104  11:35  Protoss Ground Armor Level 3 (Chrono Boost)  
  104  11:38  Protoss Ground Weapons Level 2 (Chrono Boost), Assimilator  
  120  11:41  Archon  
  117  11:54  Warp Prism (Chrono Boost)  
  117  11:55  Assimilator  
  117  11:56  High Templar, Zealot x5  
  131  12:07  Zealot x2  
  123  12:20  Probe  
  122  12:24  Pylon  
  122  12:26  High Templar x2  
  122  12:27  High Templar  
  122  12:28  Pylon, Zealot x5  
  138  12:33  Probe  
  138  12:35  Pylon  
  139  12:38  Probe, Pylon  
  139  12:44  Probe x2  
  141  12:48  Robotics Bay  
  141  12:49  Zealot x3  
  141  12:50  Zealot x2  
  146  12:54  Immortal (Chrono Boost)  
  150  13:02  Dark Shrine  
  150  13:03  Robotics Facility  
  150  13:09  Stalker x3  
  146  13:22  Stalker x4  
  146  13:26  Observer (Chrono Boost)  
  121  13:35  Archon  
  121  13:38  Zealot x4  
  121  13:39  Probe  
  116  13:44  Colossus (Chrono Boost)  
  120  13:51  Zealot x4  
  123  13:58  Nexus  
  123  13:59  Stalker x3  
  123  14:02  High Templar  
  127  14:07  Observer  
  121  14:15  Stalker x4  
  117  14:23  Zealot x3  
  117  14:29  Observer (Chrono Boost)  
  98  14:34  Stalker  
Show
View Real Time Build Order
Export as new Build Order

LiquidClem Terran - Winner!

Build Orders: Reaper Expand 

Get SALT Encoding   

  12  0:00  SCV  
  13  0:12  SCV  
  14  0:17  Supply Depot  
  14  0:24  SCV  
  15  0:38  SCV  
  15  0:39  Barracks  
  16  0:43  Refinery  
  16  0:50  SCV  
  17  1:02  SCV  
  18  1:15  SCV  
  19  1:26  Reaper  
  19  1:27  Orbital Command  
  20  1:41  Command Center  
  20  1:50  Supply Depot  
  20  1:56  Bunker  
  20  2:00  SCV  
  21  2:02  Marine  
  22  2:12  Factory  
  22  2:15  SCV  
  22  2:20  Refinery  
  23  2:23  Barracks Reactor  
  23  2:27  SCV  
  24  2:40  SCV  
  25  2:52  SCV  
  25  2:53  Orbital Command  
  25  2:57  Starport  
  28  2:58  Hellion  
  28  3:03  Marine x2  
  30  3:07  SCV  
  31  3:19  SCV  
  32  3:20  SCV  
  32  3:21  Marine x2  
  32  3:24  Factory Tech Lab  
  35  3:32  SCV  
  35  3:34  SCV  
  37  3:39  Marine x2  
  38  3:44  SCV  
  38  3:46  SCV  
  38  3:48  Supply Depot  
  40  3:51  Factory Tech Lab  
  39  3:55  Viking  
  39  3:56  SCV  
  39  3:57  Marine  
  39  3:58  SCV  
  42  4:05  Barracks  
  42  4:08  SCV  
  43  4:10  SCV  
  43  4:11  Cyclone  
  43  4:17  Supply Depot  
  47  4:20  SCV  
  47  4:22  SCV, Marine  
  50  4:28  Marine  
  50  4:31  Barracks  
  51  4:33  SCV  
  51  4:34  SCV, Engineering Bay  
  51  4:37  Refinery  
  53  4:39  Starport Tech Lab  
  53  4:40  Marine  
  53  4:41  Starport Reactor  
  54  4:46  SCV, Marine  
  54  4:50  Supply Depot  
  54  4:51  SCV, Factory Tech Lab  
  57  4:53  Refinery  
  57  4:58  SCV  
  57  5:02  Terran Infantry Weapons Level 1, Stimpack  
  57  5:03  SCV, Marine x2  
  59  5:07  Marine  
  59  5:10  SCV  
  59  5:11  Siege Tank  
  64  5:14  Supply Depot  
  64  5:16  SCV  
  65  5:22  SCV  
  65  5:24  Marine  
  65  5:27  Marauder  
  65  5:28  SCV  
  70  5:31  Combat Shield  
  70  5:34  Supply Depot  
  70  5:36  SCV, Marauder  
  70  5:37  Supply Depot  
  70  5:40  Marine  
  74  5:43  Siege Tank  
  77  5:53  Marine, Supply Depot  
  77  5:55  Medivac x2  
  77  5:56  Marauder  
  84  5:59  Marauder  
  84  6:00  Marine  
  84  6:03  Supply Depot  
  87  6:05  SCV  
  87  6:06  SCV  
  89  6:16  Siege Tank  
  89  6:17  Supply Depot  
  92  6:22  Marine x2  
  92  6:25  Marauder x2  
  96  6:31  Medivac x2  
  100  6:38  Supply Depot  
  100  6:40  Marine x2  
  100  6:46  Marauder  
  102  6:48  Marauder, Siege Tank  
  102  6:52  Supply Depot  
  106  6:54  SCV  
  106  6:55  SCV  
  106  6:59  Marine x2  
  110  7:07  Marauder  
  104  7:12  Marauder  
  104  7:14  Medivac  
  95  7:20  Marine  
  90  7:24  Command Center  
  90  7:25  Marine  
  90  7:27  Medivac  
  90  7:29  Marauder  
  94  7:35  Terran Infantry Armor Level 1, Missile Turret  
  94  7:36  Missile Turret  
  92  7:37  SCV x2, Factory Reactor  
  92  7:39  Marine  
  96  7:45  Marine  
  96  7:49  Barracks  
  96  7:50  Barracks  
  96  7:51  Marine  
  96  7:52  Marauder  
  96  7:54  SCV x2  
  96  7:58  Supply Depot  
  100  7:59  Concussive Shells  
  100  8:03  Marine  
  101  8:06  SCV x2  
  101  8:08  Medivac  
  101  8:09  Medivac  
  101  8:11  Marine  
  108  8:14  Marauder  
  108  8:17  Widow Mine  
  108  8:19  Widow Mine  
  114  8:21  SCV x2  
  114  8:23  Marine  
  117  8:28  Missile Turret  
  117  8:30  Marauder  
  117  8:33  SCV x2, Marine  
  122  8:37  Orbital Command  
  122  8:38  Barracks Reactor, Barracks Tech Lab  
  123  8:41  Widow Mine  
  123  8:44  Marine  
  123  8:46  Widow Mine  
  126  8:50  Marauder  
  126  8:54  Liberator x2  
  134  8:56  Marine  
  134  8:58  Marauder  
  137  9:03  Marine  
  137  9:05  Marauder, Supply Depot  
  137  9:06  SCV, Supply Depot  
  137  9:07  SCV  
  142  9:14  Marauder  
  144  9:17  Marine x2  
  144  9:19  Marauder  
  144  9:21  Marine  
  144  9:25  Marine  
  144  9:26  SCV, Marauder  
  144  9:30  SCV x2  
  145  9:35  Marauder  
  146  9:38  SCV  
  146  9:39  Liberator x2  
  146  9:40  Marine  
  146  9:41  Marauder  
  146  9:45  Marine x2  
  157  9:47  Marauder  
  157  9:51  SCV x2  
  136  9:56  Marauder, Marine  
  119  10:00  Marine  
  119  10:01  SCV  
  119  10:02  Marauder  
  119  10:03  Marine x2  
  125  10:09  Widow Mine x2, Marauder  
  125  10:10  SCV  
  125  10:14  Marine  
  127  10:18  Marauder  
  127  10:19  Marine, Ghost Academy  
  127  10:20  Marine  
  123  10:22  Medivac  
  123  10:24  Marauder  
  123  10:25  Command Center  
  123  10:27  Medivac  
  129  10:30  Marine  
  129  10:32  Widow Mine  
  129  10:33  Widow Mine  
  129  10:35  Marine  
  135  10:36  Marauder  
  135  10:38  Marine  
  135  10:40  Supply Depot  
  135  10:41  Marauder  
  135  10:42  Marine  
  141  10:51  Refinery  
  141  10:52  Refinery, Ghost  
  141  10:54  Marine x2  
  141  10:56  Ghost  
  145  10:58  Widow Mine x2  
  145  11:03  Marine, Supply Depot  
  152  11:05  Marine, Ghost  
  152  11:11  Supply Depot  
  155  11:12  Marine x2  
  155  11:13  Medivac  
  153  11:21  Marine x2  
  153  11:22  Widow Mine  
  153  11:23  SCV, Marine  
  153  11:25  Widow Mine, Marine  
  123  11:26  Medivac  
  123  11:31  Marine x2  
  125  11:34  Marauder  
  125  11:35  Barracks  
  125  11:36  Barracks  
  125  11:39  Barracks  
  127  11:44  Marine  
  128  11:48  Armory, Ghost  
  128  11:50  Marine x2, Engineering Bay  
  128  11:52  Marine  
  128  11:54  Marauder  
  131  12:02  Widow Mine x2, Medivac  
  131  12:06  Marauder  
  131  12:08  Marine  
  140  12:11  SCV  
  140  12:12  Marine  
  140  12:15  Marauder  
  134  12:16  Medivac  
  134  12:17  Marauder, Marine x2  
  134  12:21  SCV  
  134  12:22  SCV  
  142  12:26  Barracks Reactor, Barracks Tech Lab  
  142  12:28  Marine  
  142  12:29  Marauder  
  145  12:30  SCV  
  145  12:31  SCV  
  145  12:33  Refinery x2  
  145  12:35  Marine x2  
  145  12:36  Marine  
  150  12:44  SCV  
  151  12:47  SCV, Marauder  
  151  12:48  Marine  
  151  12:51  Widow Mine  
  155  12:56  Medivac  
  155  12:57  Widow Mine, SCV  
  160  13:00  Marine x2  
  160  13:01  Marine  
  160  13:02  Marauder  
  160  13:03  Marauder  
  160  13:04  Marine  
  168  13:09  Marauder  
  168  13:11  Marauder  
  168  13:12  Widow Mine  
  174  13:14  SCV  
  174  13:15  SCV  
  174  13:16  SCV  
  174  13:18  Widow Mine  
  171  13:20  Marine  
  171  13:21  Marauder  
  171  13:25  SCV  
  165  13:28  SCV  
  165  13:31  SCV  
  165  13:32  Marine x2  
  165  13:33  Widow Mine  
  165  13:34  Marauder  
  165  13:35  Marine x2  
  165  13:38  Medivac  
  165  13:40  Widow Mine, Medivac  
  162  13:44  Marine x2  
  160  13:49  Planetary Fortress  
  160  13:52  Marine x2  
  160  13:55  Widow Mine  
  164  13:56  Marine  
  164  13:57  Marauder  
  164  13:59  Marine  
  168  14:03  Widow Mine  
  168  14:05  Marine  
  168  14:07  Marine  
  168  14:08  Medivac  
  170  14:10  Marine, Ghost  
  170  14:14  Marine  
  170  14:15  Marauder  
  166  14:17  Marine  
  166  14:18  Marauder  
  166  14:20  Marine x2  
  167  14:24  Widow Mine  
  167  14:25  Marine  
Tags
 
Add a new tag
Caveats
  • Supply blocks, unpowered buildings, or Contaminate may cause inaccurate times.
  • Supply counts are checked every 10 seconds.